 Dungeon Crawl Stone Soup version 0.22.0-27-ga576289 (webtiles) character file.

59 Greyaxe the Skirmisher (level 4, -4/40 HPs)
             Began as a Hill Orc Fighter on Aug 21, 2018.
             Slain by an ice beast (9 damage)
             ... on level 3 of the Dungeon.
             The game lasted 00:09:49 (2859 turns).

Greyaxe the Skirmisher (Hill Orc Fighter)           Turns: 2859, Time: 00:09:49

Health: -4/40      AC:  6    Str: 19    XL:     4   Next: 3%
Magic:  4/4        EV:  8    Int:  8    God:
Gold:   152        SH:  9    Dex: 10    Spells: 3/3 levels left

rFire    . . .     SeeInvis .   a - +1 long sword
rCold    . . .     Gourm    .   c - +0 shield
rNeg     . . .     Faith    .   e - +1 ring mail
rPois    .         Spirit   .   (no helmet)
rElec    .         Reflect  .   (no cloak)
rCorr    +         Harm     .   (no gloves)
MR       .....                  (no boots)
Stlth    ..........             n - amulet of inaccuracy (curse)
HPRegen  0.13/turn              g - ring of resist corrosion
MPRegen  0.09/turn              (no ring)

@: no status effects
A: no striking features
a: no special abilities


You were on level 3 of the Dungeon.
You were not hungry.

You visited 1 branch of the dungeon, and saw 3 of its levels.

You collected 152 gold pieces.

Inventory:

Hand Weapons
 a - a +1 long sword (weapon)
Armour
 b - a +0 scale mail
 c - a +0 shield (worn)
 e - a +1 ring mail (worn)
Jewellery
 g - a ring of resist corrosion (left hand)
 n - a cursed amulet of inaccuracy (around neck)
Wands
 k - a wand of acid (10)
Scrolls
 i - 3 scrolls of amnesia
 l - a scroll of identify
Potions
 d - a potion of might
 h - a potion of mutation
 j - a potion of berserk rage {unknown}
 m - a potion of invisibility {unknown}
Comestibles
 f - 2 rations


   Skills:
 * Level 4.3 Fighting
 * Level 3.2 Long Blades
 + Level 3.4 Armour
 + Level 0.2 Dodging
 * Level 3.9 Shields


You had 3 spell levels left.
You didn't know any spells.
Your spell library was empty.

Dungeon Overview and Level Annotations

Branches:
Dungeon (3/15)

Altars:
Xom


Message History

You block the ice beast's attack. The ice beast closely misses you.
You riposte.
You closely miss the ice beast.
The ice beast hits you but does no damage.
You block the ice beast's attack. You block the ice beast's attack.
The ice beast barely misses you.
You riposte.
You barely miss the ice beast. The ice beast hits you.
The ice beast freezes you!
The ice beast hits you but does no damage.
The ice beast hits you. The ice beast freezes you!
* * * LOW HITPOINT WARNING * * *
Found 12 stones.
You see here 12 stones.
The ice beast hits you.
* * * LOW HITPOINT WARNING * * *
The ice beast freezes you.
* * * LOW HITPOINT WARNING * * *
The ice beast hits you.
* * * LOW HITPOINT WARNING * * *
The ice beast freezes you!
You die...

#.###'####..##.
#..........#.
#.....†......
#.....###).#.
#.....#......
#.....#.##...
######.....#......
#.Y..#.....#.##...
#@##.#...#.#.##...
#.##.#####.#. #..>
#........... #.#.
####.#####.####.#.
#.#####........
#(...........#.
###############


You could see an ice beast.

Vanquished Creatures
  2 adders
  A worm (D:2)
  A dart slug (D:2)
  2 leopard geckos
  3 giant cockroaches
  4 goblins
  4 hobgoblins
  A kobold (D:1)
  7 bats
  2 frilled lizards (D:1)
  7 rats
34 creatures vanquished.

Notes
Turn   | Place    | Note
-------+----------+-------------------------------------------
     0 | D:1      | Greyaxe the Hill Orc Fighter began the quest for the Orb.
     0 | D:1      | Reached XP level 1. HP: 19/19 MP: 1/1
   132 | D:1      | Reached skill level 4 in Fighting
   202 | D:1      | Reached XP level 2. HP: 21/27 MP: 2/2
  1245 | D:2      | Found a shimmering altar of Xom.
  1245 | D:2      | Found a shimmering altar of Xom.
  1245 | D:2      | Found a shimmering altar of Xom.
  1246 | D:2      | Found a shimmering altar of Xom.
  1246 | D:2      | Found a shimmering altar of Xom.
  1247 | D:2      | Found a shimmering altar of Xom.
  1531 | D:2      | Reached XP level 3. HP: 23/33 MP: 3/3
  2178 | D:2      | Found a shimmering altar of Xom.
  2181 | D:2      | Found a shimmering altar of Xom.
  2428 | D:3      | Reached XP level 4. HP: 28/40 MP: 4/4
  2766 | D:3      | Noticed an ice beast
  2859 | D:3      | Slain by an ice beast

Skill      XL: |  1  2  3 |
---------------+----------+-----
Fighting       | 4 |  4.3
Long Blades    | 3 |  3.2
Armour         | |  3.4
Dodging        | |  0.2
Shields        | |  3.9

Action                   |  1- 3 |  4- 6 || total
-------------------------+-------+-------++-------
Melee: Long sword        |   103 |     7 ||   110
  Use: Scroll            |     4 |     1 ||     5
       Potion            |     1 |       ||     1
  Eat: Ration            |     2 |       ||     2
Armor: Scale mail        |    18 |       ||    18
       Ring mail         |    34 |    21 ||    55
Dodge: Dodged            |    60 |    10 ||    70
Block: Shield            |    81 |    14 ||    95
       Rpst.: Long sword |    20 |     4 ||    24
